AoeStats
← THL

Arabia

508358723Analyzed
1v1 RM · 10d ago on Sep 22, 2026· 49m 31s· 2 players
Game mode
Random Map
Map size
Tiny (2 player)
Population
200
Speed
Normal
Resources
Standard
Victory
Conquest
Starting age
Dark Age
Ending age
Imperial Age
RankedLock teamsTeams togetherTeam positionsShared explorationLock speedFull tech treeHidden civsTurbo modeCheats
Victory
Defeat
🇻🇳 Magyars · Vietnam
1744
+10
🇨🇱 Mongols · Chile
1613
-10
THL
5:59 Loom
9:16 Feudal Age
10:20 Double-Bit Axe
20:57 Castle Age
20:08 Bloodlines
19:49 Gold Mining
20:05 Fletching
20:05 Horse Collar
22:13 Bow Saw
23:38 Bodkin Arrow
24:48 Husbandry
26:04 Padded Archer Armor
26:46 Wheelbarrow
32:44 Leather Archer Armor
33:35 Ballistics
35:37 Elite Skirmisher
40:06 Imperial Age
39:31 Hand Cart
39:46 Thumb Ring
40:54 Bracer
40:21 Light Cavalry
42:11 Ring Archer Armor
42:22 Scale Barding Armor
42:35 Hussar
44:25 Chemistry
44:51 Chain Barding Armor
46:15 Plate Barding Armor
48:15 Two-Man Saw
47:16 Heavy Plow
49:40 Parthian Tactics
AiM | PoRRo
8:19 Feudal Age
7:28 Loom
9:45 Double-Bit Axe
21:07 Castle Age
19:28 Gold Mining
19:48 Horse Collar
20:05 Fletching
21:14 Bloodlines
22:01 Wheelbarrow
21:46 Bodkin Arrow
23:24 Husbandry
25:16 Ballistics
25:43 Bow Saw
26:12 Padded Archer Armor
30:29 Town Watch
31:45 Thumb Ring
38:43 Heavy Plow
42:07 Imperial Age
41:22 Wheelbarrow
40:29 Elite Skirmisher
42:51 Leather Archer Armor
42:56 Bracer
44:17 Chemistry
44:39 Leather Archer Armor
44:21 Light Cavalry
46:37 Scale Barding Armor
47:51 Chain Barding Armor
48:10 Conscription
47:45 Hussar
Connection lost

Rejoining the realm…

Still unreachable

The connection could not be restored.

Session expired

The server has moved on; the page needs a fresh start.